 Dungeon Crawl Stone Soup version 0.30.1 (webtiles) character file.

Game seed: 6783394125927900694

373 Destapler the Trooper (level 6, -1/93 HPs)
             Began as a Troll Berserker on July 13, 2023.
             Was a Priest of Trog.
             Slain by Menkaure (22 damage)
             ... on level 5 of the Dungeon.
             The game lasted 00:05:53 (2736 turns).

Destapler the Trooper (Troll Berserker)             Turns: 2736, Time: 00:05:53

Health: -1/93      AC:  4    Str: 28    XL:     6   Next: 43%
Magic:  5/5        EV: 10    Int:  3    God:    Trog [***...]
Gold:   155        SH:  0    Dex:  9    Spells: 5/5 levels left

rFire   + .          .
                       - Unarmed
rCold   . . .        (no shield)
rNeg    . . .        a - +0 animal skin
rPois   .            (helmet restricted)
rElec   .            (no cloak)
rCorr   .            (gloves unavailable)
SInv    .            (boots unavailable)
Will    ++...        (no amulet) Stlth
                     c - ring of protection from fire
HPRegen 2.15/turn    (no ring)
MPRegen 0.09/turn

%: no passive effects
@: berserking, strong-willed, regenerating, studying Summonings, very quick
A: large, unfitting armour, claws 3, regeneration 1, shaggy fur 1, tough skin 1
a: Renounce Religion, Berserk, Trog's Hand


You were on level 5 of the Dungeon.
You worshipped Trog.
Trog was most pleased with you.
You visited 1 branch of the dungeon, and saw 5 of its levels.

You collected 155 gold pieces.

Inventory:

Missiles
 m - 31 stones (quivered)
 u - 5 poisoned darts
Armour
 a - a +0 animal skin (worn)
Jewellery
 c - a ring of protection from fire (left claw)
Scrolls
 d - a scroll of magic mapping {unknown}
 e - a scroll of fear {unknown}
 i - 4 scrolls of teleportation
 k - 2 scrolls of identify {unknown}
 l - 2 scrolls of torment {unknown}
 n - a scroll of fog {unknown}
 o - a scroll of vulnerability {unknown}
 p - a scroll of immolation {unknown}
 s - a scroll of enchant armour {unknown}
Potions
 b - a potion of haste {unknown}
 f - a potion of attraction {unknown}
 g - 5 potions of heal wounds {unknown}
 h - a potion of might {unknown}
 j - a potion of brilliance {unknown}
 q - 2 potions of degeneration {unknown}
 r - 2 potions of berserk rage {unknown}
 t - 3 potions of mutation {unknown}


   Skills:
 + Level 4.2 Fighting
 + Level 2.3 Throwing
 + Level 1.0 Armour
 - Level 3.0 Dodging
 + Level 2.7 Shields
 - Level 3.0 Unarmed Combat


You had 5 spell levels left.
You didn't know any spells.
Your spell library contained the following spells:

 Spells                   Type           Power      Damage    Failure   Level
 Foxfire                  Conj/Fire      0%         2x1d4     52%         1
 Fireball                 Conj/Fire      0%         3d3       100%        5
 Plasma Beam              Fire/Air       0%         2x1d11    100%        6
 Starburst                Conj/Fire      0%         6d3       100%        6


Dungeon Overview and Level Annotations

Branches:
Dungeon (5/15)             Temple (0/1) D:5

Altars:
Gozag
Wu Jian

Annotations:
D:5 Menkaure


Innate Abilities, Weirdness & Mutations

You are too large for most types of armour.
You have claws for hands.
Your natural rate of healing is unusually fast.
You are covered in fur. (AC +1)
You have tough skin. (AC +1)


Message History

You see here 5 poisoned darts.
Throw: 31 stones
Press: ? - help, Q - select action, (/) - cycle Shift-Dir - straight line, f - you Marked for pickup.
Okay, then.
u - 5 poisoned darts Done exploring.
Search for what [Enter for "."]? thow Can't find anything matching that.
Search for what [Enter for "thow", or ? for help]? throw
(D) Dungeon
Where to? (Enter - D:4 @ (x,y), ? - help)
There is a stone staircase leading down here.
You climb downwards.
There is a stone staircase leading up here.
You open the door.
There is an open door here.
Found a trident.
t - 3 cyan potions (gained 2)
Found a staircase to the Ecumenical Temple.
Menkaure, Prince of Dust comes into view.
Menkaure shouts!
Menkaure is nearby!
Menkaure is nearby!
Menkaure is nearby!
Menkaure closely misses you.
Your skin crawls.
You feel strong-willed. Menkaure hits you!!
You scratch Menkaure but do no damage. You barely miss Menkaure.
Menkaure hits you!!
* * * LOW HITPOINT WARNING * * *
You scratch Menkaure but do no damage. Menkaure hits you!!
* * * LOW HITPOINT WARNING * * *
You barely miss Menkaure.
Menkaure gestures wildly while chanting.
Menkaure seems to speed up.
A red film seems to cover your vision as you go berserk!
You feel yourself moving faster!
You feel mighty! Menkaure hits you!!
You die...

######### #####.#####.
#.......# #...........
#.......####..'########
#.............#.......
#.......####..#.+####+
#.......# ##.#.#
###.......#####.#.#
................#.#
...)...(@###....#.#
....#.#...M.+ ...#.+
#..#.#.#..### ...#
.#.#.#.#.. ..#.>.#!.##
.#.#.#.#.. ..#.#.#...
..#.#....


You could see Menkaure (fast).

Vanquished Creatures
  Sigmund (D:2)
  A hound (D:3)
  2 iguanas (D:4)
  4 adders
  4 dart slugs
  2 orcs (D:3)
  5 bats
  5 endoplasms
  7 giant cockroaches
  10 goblins
  7 hobgoblins
  8 jackals
  8 kobolds
  6 quokkas
  4 ball pythons
  6 frilled lizards
  4 rats
84 creatures vanquished.

Notes
Turn   | Place    | Note
-------+----------+-------------------------------------------
     0 | D:1      | Destapler the Troll Berserker began the quest for the Orb.
     0 | D:1      | Reached XP level 1. HP: 22/22 MP: 0/0
    87 | D:1      | Reached XP level 2. HP: 27/29 MP: 1/1
   198 | D:1      | Reached ** piety under Trog
   330 | D:1      | Found a faded altar of an unknown god.
   341 | D:1      | Reached skill level 1 in Throwing
   383 | D:1      | Reached skill level 1 in Shields
   383 | D:1      | Reached XP level 3. HP: 36/36 MP: 2/2
   733 | D:2      | Found an opulent altar of Gozag.
   795 | D:2      | Reached skill level 3 in Fighting
  1005 | D:2      | Noticed Sigmund
  1017 | D:2      | Killed Sigmund
  1018 | D:2      | Reached skill level 4 in Fighting
  1018 | D:2      | Reached XP level 4. HP: 48/48 MP: 3/3
  1018 | D:2      | Reached XP level 5. HP: 54/54 MP: 4/4
  1257 | D:3      | Found an ornate altar of the Wu Jian Council.
  1467 | D:3      | Reached *** piety under Trog
  1537 | D:3      | Reached XP level 6. HP: 61/62 MP: 5/5
  2436 | D:4      | Reached skill level 1 in Armour
  2692 | D:5      | Entered Level 5 of the Dungeon
  2727 | D:5      | Found a staircase to the Ecumenical Temple.
  2729 | D:5      | Noticed Menkaure
  2736 | D:5      | Slain by Menkaure

Illustrated notes

Levels and vault maps discovered:
D:1:      dpeg_arrival_more_subterranean_lakeside_camping, layout_rooms,
          ebering_ecumenical_altar_petrified
D:2:      layout_basic, basic_altar, uniq_sigmund
D:3:      layout_basic, mainiacjoe_overflow_cross_hatched,
          kennysheep_big_empty_room, minmay_goblin_outpost
D:4:      layout_cave_pools
D:5:      layout_basic, minmay_temple_entry_grid, minivault_24, minivault_11,
          uniq_menkaure

Skill      XL: |  1  2  3  4  5  6 |
---------------+-------------------+-----
Throwing       | 1 2 |  2.3
Shields        | 1 2 |  2.7
Fighting       | 4 |  4.2
Dodging        | 3 |  3.0
Armour         | 1 |  1.0
Unarmed Combat | |  3.0

Action                     |  1- 3 |  4- 6 || total
---------------------------+-------+-------++-------
  Melee: Unarmed           |   134 |    53 ||   187
         Punch             |     3 |       ||     3
   Fire: Sling             |       |    25 ||    25
 Invoke: Berserk           |     2 |     1 ||     3
         Trog's Hand       |       |     1 ||     1
    Use: Scroll            |       |     1 ||     1
   Stab: Sleeping          |       |     1 ||     1
 Armour: Animal skin       |    55 |    14 ||    69
  Dodge: Dodged            |    81 |    17 ||    98
